 Dungeon Crawl Stone Soup version 0.31-a0-968-g24f9ace8b5 (webtiles) character file.

Game seed: 4497701551245074857

10098 jestert79 the Grappler (level 11, -5/94 HPs)
             Began as a Troll Monk on Oct 27, 2023.
             Was a Priest of Hepliaklqana.
             Slain by a troll (7 damage)
             ... led by an orc knight
             ... on level 8 of the Dungeon.
             The game lasted 00:19:12 (5685 turns).

jestert79 the Grappler (Troll Monk)                 Turns: 5685, Time: 00:19:12

Health: -5/94      AC: 10    Str: 31    XL:     11   Next: 31%
Magic:  10/10      EV: 10    Int:  6    God:    Hepliaklqana [***...]
Gold:   412        SH:  0    Dex: 12    Spells: 10/10 levels left

rFire   + .          .
                       - Unarmed
rCold   . . .        c - orb {light}
rNeg    . . .        B - +0 acid dragon scales
rPois   .            (helmet restricted)
rElec   .            D - +0 cloak
rCorr   +            (gloves unavailable)
SInv    .            (boots unavailable)
Will    .....        (no amulet)
Stlth   +            o - ring of protection from fire
HPRegen 1.15/turn    F - +6 ring of strength
MPRegen 0.12/turn

%: no passive effects
@: glowing
A: reduced essence, large, unfitting armour, claws 3, regeneration 1, shaggy fur
1, tough skin 1
a: Renounce Religion, Recall Ancestor, Ancestor Identity, Transference


You were on level 8 of the Dungeon.
You worshipped Hepliaklqana.
Hepliaklqana was most pleased with you.
You visited 1 branch of the dungeon, and saw 8 of its levels.

You collected 467 gold pieces.
You spent 55 gold pieces at shops.

Inventory:

Missiles
 d - 9 boomerangs
 h - 15 poisoned darts (quivered)
 v - 5 javelins
 E - 4 darts of dispersal
 J - a curare-tipped dart
Armour
 c - an orb of light (worn)
 B - +0 acid dragon scales (worn)
 D - a +0 cloak (worn)
Jewellery
 k - a ring of magical power
 o - a ring of protection from fire (left claw)
 p - a ring of see invisible
 C - a ring of positive energy
 F - a +6 ring of strength (right claw)
 K - a ring of protection from fire
Wands
 a - a wand of charming (5)
 H - a wand of roots (10)
 I - a wand of flame (10)
Scrolls
 g - 3 scrolls of immolation {unknown}
 i - 3 scrolls of teleportation
 j - 5 scrolls of identify
 l - 2 scrolls of noise {unknown}
 m - 2 scrolls of amnesia {unknown}
 n - 3 scrolls of vulnerability {unknown}
 q - 2 scrolls of brand weapon {unknown}
 r - 4 scrolls of summoning {unknown}
 s - a scroll of poison {unknown}
 t - 2 scrolls of fog {unknown}
 u - a scroll of enchant weapon {unknown}
 w - a scroll of revelation {unknown}
 x - 3 scrolls of blinking {unknown}
 y - a scroll of silence {unknown}
 G - 3 scrolls of enchant armour {unknown}
Potions
 b - a potion of ambrosia
 e - 6 potions of attraction {unknown}
 f - 3 potions of heal wounds
 z - 2 potions of might {unknown}
 A - 5 potions of curing {unknown}


   Skills:
 + Level 6.1 Fighting
 + Level 6.1 Throwing
 + Level 5.4 Armour
 - Level 2.4 Dodging
 - Level 0.8 Stealth
 + Level 13.7 Unarmed Combat


You had 10 spell levels left.
You didn't know any spells.
Your spell library contained the following spells:

 Spells                   Type           Power      Damage    Failure   Level
 Sandblast                Erth           0%         2d4       50%         1
 Blink                    Tloc           0%         N/A       65%         2
 Lesser Beckoning         Tloc           0%         N/A       65%         2
 Momentum Strike          Conj/Tloc      0%         3d8       65%         2
 Passwall                 Tmut/Erth      0%         N/A       65%         2
 Stone Arrow              Conj/Erth      0%         3d7       86%         3
 Brom's Barrelling Bould  Conj/Erth      0%         2d3       99%         4
 Olgreb's Toxic Radiance  Pois           0%         N/A       99%         4
 Discord                  Hex            0%         N/A       100%        8
 Ignition                 Fire           0%         3d3       100%        8


Dungeon Overview and Level Annotations

Branches:
Dungeon (8/15)             Temple (0/1) D:6
   Lair: D:8-11

Altars:
Dithmenos
Hepliaklqana
Kikubaaqudgha
Makhleb
Nemelex Xobeh
Okawaru
Sif Muna

Shops:
D:4 ?


Innate Abilities, Weirdness & Mutations

Your life essence is reduced to manifest your ancestor. (-10% HP)
You are too large for most types of armour.
You have claws for hands.
Your natural rate of healing is unusually fast.
You are covered in fur. (AC +1)
You have tough skin. (AC +1)


Message History

The orc knight hits you with a +0 battleaxe.
You scratch the orc knight but do no damage.
The orc knight is severely wounded.
The orc knight hits you with a +0 battleaxe!
You completely miss the orc knight.
The orc knight is severely wounded.
You mangle the orc knight!!
You kill the orc knight!
You claw the orc wizard!
The orc wizard is severely wounded.
The orc wizard gestures at you while chanting.
The puff of flame hits you. You resist.
You claw the orc wizard!
You kill the orc wizard!
Reactivating autopickup.
You are too injured to fight recklessly!
You are too injured to fight recklessly!
You are too injured to fight recklessly!
You are too injured to fight recklessly!
You mangle the orc!!
You kill the orc!
Found a trident.
The troll bites you. The troll claws you!
* * * LOW HITPOINT WARNING * * *
The troll claws you!
* * * LOW HITPOINT WARNING * * *
There is an open door, spattered with blood here.
Items here: )))) [[[ ††.
Unknown command.
You mangle the troll!!
The troll is heavily wounded.
The troll bites you.
* * * LOW HITPOINT WARNING * * *
The troll barely misses you. The troll claws you.
* * * LOW HITPOINT WARNING * * *
You completely miss the troll.
The troll is heavily wounded.
The troll bites you!
* * * LOW HITPOINT WARNING * * *
The troll claws you but does no damage. The troll claws you!
You die...

#..#..#.)###.##)#R#...##.
#..#..#.#...#...##.##..#.
#..#...#.###.##)).#.#.##.
#..#...#.#..##..#u###..#.
#..#...#.#.#.##..O....##.
#..#..).#.#R.#.#.#c#.#.#.
#..#####.#########.#####.
#..#...).....# #.# #.
#..#.###@###.# #.# #.
#..#.#[..T)#.# #O# #.
#..#.##...##.# O.. #.
#..#.#|...[#.# ... #.
##.#.##...##.# #[
#.#.#[...)#.#
#.#.#######.#
#.#.........#
#.#####.#######


You could see a troll.

Vanquished Creatures
  3 two-headed ogres (D:8)
  A centaur warrior (D:8)
  Pikel (D:4)
  A deep elf pyromancer (D:8)
  An orc knight (D:8)
  An ugly thing (D:8)
  Maggie (D:7)
  A hornet (D:6)
  Grinder (D:4)
  Eustachio (D:4)
  11 yaks (D:8)
  A steam dragon (D:4)
  Edmund (D:4)
  An acid dragon (D:5)
  3 water moccasins
  Duvessa (D:4)
  3 black bears
  An orc warrior (D:8)
  A sky beast (D:7)
  2 ogres
  2 centaurs
  2 lemures
  A phantom (D:5)
  3 kobold brigands (D:8)
  2 bullfrogs
  Blork the orc (D:2)
  A gnoll sergeant (D:7)
  2 scorpions (D:5)
  2 wights (D:8)
  Dowan (D:4)
  A killer bee (D:8)
  A howler monkey (D:6)
  A vampire bat (D:4)
  A jelly (D:6)
  Crazy Yiuf (D:5)
  5 hounds
  3 orc priests
  A sleepcap (D:7)
  2 iguanas
  Natasha (twice) (D:4)
  6 orc wizards
  7 adders
  2 ufetubi (D:6)
  4 dart slugs
  20 orcs
  5 ball pythons
  A bat skeleton (D:4)
  4 bat zombies (D:4)
  4 endoplasms
  A giant cockroach (D:1)
  5 goblins
  3 hobgoblins
  2 jackals (D:2)
  7 kobolds
  3 quokkas
  8 bats
  4 frilled lizards
  8 rats
166 creatures vanquished.

Vanquished Creatures (collateral kills)
  A wyvern (D:8)
  An ice beast (D:8)
  A wight (D:8)
  2 sleepcaps
  Natasha (D:4)
  4 orcs
  3 kobolds (D:8)
13 creatures vanquished.

Vanquished Creatures (others)
  A battlemage (D:8)
1 creature vanquished.

Grand Total: 180 creatures vanquished

Notes
Turn   | Place    | Note
-------+----------+-------------------------------------------
     0 | D:1      | jestert79 the Troll Monk began the quest for the Orb.
     0 | D:1      | Reached XP level 1. HP: 22/22 MP: 0/0
   180 | D:1      | Reached XP level 2. HP: 29/29 MP: 1/1
   539 | D:1      | Reached skill level 4 in Unarmed Combat
   665 | D:2      | Reached XP level 3. HP: 36/36 MP: 2/2
  1287 | D:2      | Reached XP level 4. HP: 43/44 MP: 3/3
  1363 | D:3      | Reached skill level 5 in Unarmed Combat
  1631 | D:3      | Reached XP level 5. HP: 50/50 MP: 4/4
  1805 | D:4      | Noticed an ogre
  1813 | D:4      | Killed an ogre
  1814 | D:4      | Reached skill level 6 in Unarmed Combat
  1851 | D:4      | Found Uczull's Magic Scroll Shop.
  1859 | D:4      | Bought a scroll of identify for 22 gold pieces
  1859 | D:4      | Bought a scroll of teleportation for 33 gold pieces
  1863 | D:4      | Noticed Grinder
  1869 | D:4      | Found a hazy altar of Hepliaklqana.
  1869 | D:4      | Noticed Natasha
  1880 | D:4      | Killed Natasha
  1881 | D:4      | Reached XP level 6. HP: 57/59 MP: 5/5
  1884 | D:4      | Became a worshipper of Hepliaklqana the Forgotten
  1884 | D:4      | Reached * piety under Hepliaklqana
  1884 | D:4      | Reached ** piety under Hepliaklqana
  1900 | D:4      | Noticed Natasha
  1909 | D:4      | Killed Natasha
  1910 | D:4      | Reached skill level 7 in Unarmed Combat
  1928 | D:4      | Noticed Natasha
  1932 | D:4      | Killed Natasha
  1937 | D:4      | Paralysed by Grinder for 3 turns
  1945 | D:4      | Killed Grinder
  1946 | D:4      | Reached skill level 8 in Unarmed Combat
  1946 | D:4      | Reached XP level 7. HP: 48/59 MP: 6/6
  1974 | D:4      | Noticed a steam dragon
  1984 | D:4      | Killed a steam dragon
  1985 | D:4      | Reached skill level 1 in Throwing
  1988 | D:4      | Noticed Blork the orc
  1989 | D:4      | Noticed Pikel
  2009 | D:2      | Killed Blork the orc
  2073 | D:4      | Killed Pikel
  2074 | D:4      | Reached skill level 10 in Unarmed Combat
  2074 | D:4      | Reached XP level 8. HP: 31/66 MP: 7/7
  2249 | D:4      | Noticed Duvessa
  2252 | D:4      | Noticed Dowan
  2256 | D:4      | Killed Duvessa
  2256 | D:4      | Noticed Edmund
  2259 | D:4      | Killed Dowan
  2270 | D:4      | Killed Edmund
  2272 | D:4      | Reached skill level 11 in Unarmed Combat
  2301 | D:4      | Found an ancient bone altar of Kikubaaqudgha.
  2367 | D:4      | Noticed Eustachio
  2384 | D:4      | Killed Eustachio
  2518 | D:5      | Identified the "Dorrepig"
  2518 | D:5      | Entered Level 5 of the Dungeon
  2528 | D:5      | Found a shimmering blue altar of Sif Muna.
  2674 | D:5      | Reached XP level 9. HP: 72/72 MP: 8/8
  2698 | D:5      | Found a shadowy altar of Dithmenos.
  2700 | D:5      | Found an iron altar of Okawaru.
  2715 | D:5      | Reached skill level 12 in Unarmed Combat
  2999 | D:5      | Found a runed translucent door.
  3000 | D:5      | Noticed Crazy Yiuf
  3010 | D:5      | Killed Crazy Yiuf
  3117 | D:5      | Reached skill level 1 in Armour
  3437 | D:6      | Reached *** piety under Hepliaklqana
  3694 | D:6      | Found a staircase to the Ecumenical Temple.
  3758 | D:6      | Found a burning altar of Makhleb.
  3798 | D:6      | Noticed a green death
  4496 | D:7      | Noticed Maggie
  4529 | D:7      | Killed Maggie
  4530 | D:7      | Reached XP level 10. HP: 73/82 MP: 7/9
  4707 | D:7      | Remembered your ancestor Marzanna as a battlemage
  5124 | D:8      | Reached skill level 13 in Unarmed Combat
  5360 | D:8      | Noticed a two-headed ogre
  5366 | D:8      | Killed a two-headed ogre
  5367 | D:8      | Reached skill level 5 in Fighting
  5367 | D:8      | Reached skill level 5 in Throwing
  5378 | D:8      | Found a sparkling altar of Nemelex Xobeh.
  5531 | D:8      | Noticed a deep elf pyromancer
  5547 | D:8      | Killed a deep elf pyromancer
  5602 | D:8      | Noticed a brown ugly thing
  5602 | D:8      | Noticed a two-headed ogre
  5602 | D:8      | Noticed a two-headed ogre
  5603 | D:8      | Noticed a centaur warrior
  5623 | D:8      | Killed a brown ugly thing
  5624 | D:8      | Reached XP level 11. HP: 93/93 MP: 7/10
  5627 | D:8      | Killed a centaur warrior
  5628 | D:8      | Reached skill level 5 in Armour
  5630 | D:8      | Killed a two-headed ogre
  5632 | D:8      | Killed a two-headed ogre
  5664 | D:8      | Noticed an orc knight
  5679 | D:8      | Killed an orc knight
  5685 | D:8      | HP: 2/94 [troll[an orc knight] (7)]
  5685 | D:8      | Slain by a troll

Illustrated notes

Levels and vault maps discovered:
D:1:      dpeg_chamrin_arrival_tetris, layout_loops_cross
D:2:      minmay_angry_zag, layout_loops_ring
D:3:      layout_rooms, grunt_decor_resistance
D:4:      layout_rooms, kennysheep_vampire_church,
          nicolae_overflow_crystal_walls, serial_shops, shop, minivault_14,
          uniq_grinder, uniq_edmund, uniq_eustachio, uniq_pikel, uniq_natasha,
          uniq_blork_the_orc, uniq_duvessa
D:5:      layout_gridville, led_sif_book,
          chequers_temple_overflow_statue_of_worship,
          wad_floor_pattern_untrapped, minmay_quadrilaterals,
          uniq_crazy_yiuf_cottage
D:6:      layout_basic, makhleb_altar_promises_db,
          minmay_temple_entry_large_hall
D:7:      layout_layer_cave, nicolae_fountain_basement, uniq_maggie
D:8:      layout_loops_ring, mainiacjoe_overflow_tiny_flanked,
          hangedman_abyss_or_decor_lesser_grid, minmay_the_grid_2x2
          [minmay_the_grid_armoury, minmay_the_grid_expand,
          minmay_the_grid_tiny_cups, minmay_the_grid_prize_four_corners]

Skill      XL: |  1  2  3  4  5  6  7  8  9 10 11 |
---------------+----------------------------------+-----
Unarmed Combat | 4 5 6 8 10 11 12 13 | 13.7
Throwing       | 1 3 5 6 |  6.1
Armour         | 3 4 5 |  5.4
Fighting       | 4 5 6 |  6.1
Dodging        | |  2.4
Stealth        | |  0.8

Action                     |  1- 3 |  4- 6 |  7- 9 | 10-12 || total
---------------------------+-------+-------+-------+-------++-------
  Melee: Unarmed           |    78 |    64 |   149 |   105 ||   396
  Throw: Dart              |       |     3 |     4 |       ||     7
         Boomerang         |       |     2 |       |       ||     2
 Invoke: Recall Ancestor   |       |       |     2 |     1 ||     3
         Ancestor Life: Ba |       |       |       |     1 ||     1
    Use: Scroll            |       |     3 |       |       ||     3
         Potion            |       |       |       |     1 ||     1
   Stab: Distracted        |       |       |       |     4 ||     4
 Armour: Robe              |    34 |    32 |    81 |       ||   147
         Acid dragon scale |       |       |    44 |    63 ||   107
         Skin              |       |       |       |     8 ||     8
  Dodge: Dodged            |    31 |    22 |    67 |    23 ||   143

Table legend: (Time is in decaauts)
 A = Elapsed time spent in this place.
 B = Non-inter-level travel time spent in this place.
 C = Inter-level travel time spent in this place.
 D = Time resting spent in this place.
 E = Time spent auto-exploring this place.
 F = Levels seen in this place.
 G = Mean time per level.
                   A        B        C        D        E       F      G
               +--------+--------+--------+--------+--------+-----+--------+
         Total |   5623 |   5386 |    237 |    119 |   4257 |   8 |  702.9 |
       Dungeon |   5623 |   5386 |    237 |    119 |   4257 |   8 |  702.9 |
               +--------+--------+--------+--------+--------+-----+--------+

Top non-repeatable levels by time:
     D:7: 1046 daAuts
     D:5: 898 daAuts
     D:2: 765 daAuts
     D:4: 649 daAuts
     D:1: 619 daAuts
     D:8: 614 daAuts
     D:6: 563 daAuts
     D:3: 467 daAuts
